 Dungeon Crawl Stone Soup version 0.27-a0-1139-g28e009f8a6 (webtiles) character file.

Game seed: 10411475837056789875

0 jestyr24 the Caller (level 1, 0/13 HPs)
             Began as a Merfolk Summoner on May 7, 2021.
             Slain by a jackal (1 damage)
             ... on level 1 of the Dungeon.
             The game lasted 00:00:49 (43 turns).

jestyr24 the Caller (Merfolk Summoner)                Turns: 43, Time: 00:00:49

Health: 0/13       AC:  2    Str:  8    XL:     1   Next: 10%
Magic:  0/3        EV: 12    Int: 14    God:
Gold:   0          SH:  0    Dex: 14    Spells: 3/4 levels left

rFire    . . .     SeeInvis .   (no weapon)
rCold    . . .     Faith    .   (no shield)
rNeg     . . .     Spirit   .   a - +0 robe
rPois    .         Reflect  .   (no helmet)
rElec    .         Harm     .   (no cloak)
rCorr    .         Rampage  .   (no gloves)
Will     .....                  (no boots)
Stlth    ++........             (no amulet)
HPRegen  0.04/turn              (no ring)
MPRegen  0.08/turn              (no ring)

@: no status effects
A: (nimble swimmer 2), mertail
a: no special abilities


You were on level 1 of the Dungeon.
You visited 1 branch of the dungeon, and saw 1 of its levels.

Inventory:

Armour
 a - a +0 robe (worn)


   Skills:
 + Level 2.8 Dodging
 + Level 2.1 Stealth
 + Level 2.0 Spellcasting
 + Level 4.0 Summonings


You had 3 spell levels left.
You knew the following spells:

 Your Spells              Type           Power      Damage    Failure   Level
a - Summon Small Mammal   Summ           48%        N/A       4%          1

Your spell library contained the following spells:

 Spells                   Type           Power      Damage    Failure   Level
 Call Imp                 Summ           12%        N/A       7%          2
 Call Canine Familiar     Summ           12%        N/A       14%         3
 Summon Guardian Golem    Hex/Summ       7%         N/A       30%         3
 Summon Ice Beast         Ice/Summ       7%         N/A       71%         4
 Summon Lightning Spire   Summ/Air       7%         N/A       71%         4


Dungeon Overview and Level Annotations

Branches:
Dungeon (1/15)

Altars:


Innate Abilities, Weirdness & Mutations

((You are quick and stealthy near water. (Stealth+, EV+, Speed+++)))
Your lower body shifts to a powerful aquatic tail in water.


Message History

Your bat misses the jackal.
Your bat hits the jackal but does no damage.
The jackal bites your bat. The jackal misses you.
Your bat hits the jackal.
The jackal dies!
What are your orders? t - Shout!
Orders for allies: a - Attack new target. r - Retreat! s - Stop attacking. g - Guard the area. f - Follow me.
Anything else - Cancel.
Gang up on whom?
Press: ? - help, Dir - move target, f - jackal
Aim: a jackal (moderately wounded, ally target) Attack!
Your bat hits the jackal. The jackal closely misses you.
Your bat hits the jackal but does no damage.
The jackal barely misses you.
You hit the jackal but do no damage.
The jackal is heavily wounded.
Your bat closely misses the jackal. x2; Your bat barely misses the jackal.
Your bat closely misses the jackal.
The jackal misses you.
You barely miss the jackal.
The jackal is heavily wounded.
Your bat hits the jackal but does no damage.
Your bat closely misses the jackal.
The jackal barely misses you.
Your bat hits the jackal but does no damage.
You hit the jackal but do no damage.
The jackal is moderately wounded.
Your bat closely misses the jackal.
Your bat hits the jackal but does no damage.
The jackal bites you.
* * * LOW HITPOINT WARNING * * *
Your bat hits the jackal but does no damage.
The jackal closely misses you.
Your bat hits the jackal but does no damage.
You barely miss the jackal.
The jackal is moderately wounded.
Your bat barely misses the jackal.
Your bat closely misses the jackal.
Your bat hits the jackal but does no damage.
Your bat barely misses the jackal.
The jackal bites you.
You die...

#.# #.# #.#.# #.#.#
#.####.#.# #... .....
##..# #.#.# #...# #@#.#
#...###h#.#.##.#
#.....bb.......#
.#######...#.#.#.#.##.#
.............#.....
.#######...#.###.#.#
..........#.# .#.#
..#######..##.###.# #
..................#


You could see a jackal (ally target) and 2 friendly bats.

Vanquished Creatures (collateral kills)
  A jackal (D:1)
1 creature vanquished.

Notes
Turn   | Place    | Note
-------+----------+-------------------------------------------
     0 | D:1      | jestyr24 the Merfolk Summoner began the quest for the Orb.
     0 | D:1      | Reached XP level 1. HP: 13/13 MP: 3/3
    43 | D:1      | Slain by a jackal

Illustrated notes

Levels and vault maps discovered:
D:1:      saegor_arrival_simple_a, layout_basic, serial_shops,
          nicolae_shop_statue_plus, minivault_11, nrook_loot_triangle

Action                   || total
-------------------------++-------
Melee: Unarmed           ||    13
 Cast: Summon Small Mamm ||     4
Armor: Robe              ||     2
Dodge: Dodged            ||    15

Table legend: (Time is in decaauts)
 A = Elapsed time spent in this place.
 B = Non-inter-level travel time spent in this place.
 C = Inter-level travel time spent in this place.
 D = Time resting spent in this place.
 E = Time spent auto-exploring this place.
 F = Levels seen in this place.
 G = Mean time per level.
                   A        B        C        D        E       F      G
               +--------+--------+--------+--------+--------+-----+--------+
         Total |     43 |     43 |      0 |      0 |     20 |   1 |   43.0 |
       Dungeon |     43 |     43 |      0 |      0 |     20 |   1 |   43.0 |
               +--------+--------+--------+--------+--------+-----+--------+

Top non-repeatable levels by time:
     D:1: 43 daAuts
